cohdb
Replays
Latest Replays
All Replays
Popular Replays
Top Player Replays
Match Explorer
How It Works
Community
CoH3 Stats
Reddit
Sign in to upload your games and track your stats! →
Sign in with Steam
Match 45697213
Unlisted
Match 45697213
Overview
Messages
Build Orders
End
Kettenkrad Recon Vehicle
Construct Infanterie Kompanie
Selects Mechanized Battlegroup
Grenadier Squad
GrW 34 Mortar Team
Grenadier Squad
Grenadier Squad
Construct Luftwaffe Kompanie
221 Scout Car
Jäger Squad
Jäger Squad
Selects Mobile Repair Stations
Selects Raid Package
Support Elements
Jäger Squad
Wirbelwind Flakpanzer
Medical Station
Selects StuG Assault Group
Selects UNKNOWN (2160084)
Kettenkrad Recon Vehicle
Construct Panzer Kompanie
Stoßtruppen Squad
Panzer IV Medium Tank
Selects Wespe Self-propelled Artillery
Sturmpanzer IV Brummbär
Selects Zeroing Artillery Barrage
Panzer IV Medium Tank
Stoßtruppen Squad
chmod 777
InfectedCure
Nick
Wicked
slightlyinspired
DaemonJester
0
0
Comments
sign in to comment!
No comments posted yet!